| TOP OF THE 1ST |
|
Iowa Cubs batting - Pitching for Albuquerque Isotopes : RHP Paulo Guincho
|
|
Pitching: RHP Paulo Guincho
|
|
|
Batting: LHB Sumiki Okuhara
|
0-0: Ball 1-0: Swinging Strike 1-1: SINGLE (Groundball, 3D, EV 104.4 MPH)
|
|
Batting: RHB Jon Aguilar
|
0-0: DOUBLE (Flyball, 7LM, EV 102.5 MPH) Sumiki Okuhara to third
|
|
Batting: SHB Gabriel Cruz
|
0-0: Ball 1-0: Ball 2-0: Foul Ball, location: 2F 2-1: Ball 3-1: Foul Ball, location: 2F 3-2: Ground out 5-3 (Groundball, 5L, EV 87.5 MPH)
|
|
Batting: RHB Adam O'Hare
|
0-0: Foul Ball, location: 2F 0-1: 3-RUN HOME RUN (Flyball, 78XD, EV 104.4 MPH), Distance : 407 ft
|
|
Batting: RHB Brian Gargis
|
0-0: Ball 1-0: Ball 2-0: Foul Ball, location: 2F 2-1: Foul Ball, location: 2F 2-2: Ball 3-2: Fly out, F8 (Flyball, 8RD, EV 103.8 MPH)
|
|
Batting: RHB Ryan Walker
|
0-0: Ball 1-0: Ball 2-0: Ball 3-0: Called Strike 3-1: SINGLE (Groundball, 34D, EV 95.6 MPH)
|
|
Batting: RHB Pat Barton
|
0-0: Ball 1-0: Ball 2-0: Called Strike 2-1: Ball 3-1: Fielders Choice at 2nd, 6-4 (Groundball, 6, EV 87.5 MPH)
|
| Top of the 1st over - 3 runs, 4 hits, 0 errors, 1 left on base; Iowa 3 - Albuquerque 0 |
| BOTTOM OF THE 1ST |
|
Albuquerque Isotopes batting - Pitching for Iowa Cubs : LHP Jesse Fields
|
|
Pitching: LHP Jesse Fields
|
|
|
Batting: LHB Alfredo de la Cruz
|
0-0: Ball 1-0: Ball 2-0: Ball 3-0: Called Strike 3-1: Foul Ball, location: 2F 3-2: Foul Ball, location: 2F 3-2: Foul Ball, location: 2F 3-2: Foul Ball, location: 2F 3-2: Foul Ball, location: 2F 3-2: Ground out 2-3 (Groundball, 2L, EV 73.8 MPH)
|
|
Batting: RHB Eddie McCoy
|
0-0: Ball 1-0: SOLO HOME RUN (Flyball, 89XD, EV 110.6 MPH), Distance : 431 ft
|
|
Batting: RHB Adrian Rudkilde
|
0-0: Ball 1-0: Ball 2-0: SINGLE (Line Drive, 7S, EV 102.5 MPH)
|
|
Batting: RHB Chris King
|
0-0: Foul Ball, location: 2F 0-1: Ball 1-1: Foul Ball, location: 2F 1-2: SINGLE (Line Drive, 6MD, EV 95.6 MPH) Adrian Rudkilde to second Runner from 2nd tries for 3rd, SAFE, throw by CF made to third
|
|
Batting: LHB Gabe Harvey
|
0-0: Ball 1-0: Ball 2-0: DOUBLE (Line Drive, 8RXD, EV 97.5 MPH) Adrian Rudkilde scores Chris King to third
|
|
Batting: RHB Logan Morgan
|
0-0: Called Strike 0-1: Swinging Strike 0-2: Ball 1-2: Ball 2-2: Strikes out looking
|
|
Batting: LHB Adam Hill
|
0-0: Swinging Strike 0-1: Ball 1-1: Ball 2-1: Foul Ball, location: 2F 2-2: SINGLE (Flyball, 78S, EV 93.1 MPH) Chris King scores Gabe Harvey to third Runner from 3rd tries for Home, SAFE, throw by LF to home
|
|
Batting: RHB Vinny Estrada
|
0-0: Ball 1-0: Foul Ball, location: 2F 1-1: Ball 2-1: Ground out 4-3 (Groundball, 4, EV 81.2 MPH)
|
| Bottom of the 1st over - 4 runs, 5 hits, 0 errors, 1 left on base; Iowa 3 - Albuquerque 4 |
| TOP OF THE 2ND |
|
Iowa Cubs batting - Pitching for Albuquerque Isotopes : RHP Paulo Guincho
|
|
Batting: RHB Tony Mendez
|
0-0: Ball 1-0: Called Strike 1-1: Ball 2-1: Ground out U3 (Groundball, 34, EV 77.5 MPH)
|
|
Batting: RHB Rich Thurman
|
0-0: Called Strike 0-1: Ball 1-1: Fly out, F4 (Line Drive, 4, EV 71.9 MPH)
|
|
Batting: LHB Sumiki Okuhara
|
0-0: Ball 1-0: Called Strike 1-1: Swinging Strike 1-2: Strikes out swinging
|
| Top of the 2nd over - 0 runs, 0 hits, 0 errors, 0 left on base; Iowa 3 - Albuquerque 4 |
| BOTTOM OF THE 2ND |
|
Albuquerque Isotopes batting - Pitching for Iowa Cubs : LHP Jesse Fields
|
|
Batting: LHB Chad Persaud
|
0-0: Ball 1-0: Ball 2-0: Called Strike 2-1: SINGLE (Groundball, 34D, EV 105.0 MPH)
|
|
Batting: LHB Alfredo de la Cruz
|
0-0: Ball 1-0: Ball Chad Persaud steals 2nd base 2-0: Foul Ball, location: 2F 2-1: Fly out, F7 (Flyball, 7D, EV 93.8 MPH) Runner from 2nd tags up, SAFE at 3rd, no throw by LF
|
|
Batting: RHB Eddie McCoy
|
0-0: Ball 1-0: Ball 2-0: Ball 3-0: Base on Balls
|
|
Batting: RHB Adrian Rudkilde
|
0-0: Ball 1-0: Called Strike 1-1: Foul Ball, location: 2F 1-2: Ball 2-2: Foul Ball, location: 2F 2-2: Ball 3-2: Fly out, F7 (Flyball, 7D, EV 78.8 MPH) Runner from 3rd tags up, OUT at HOME! 7-2
|
| Bottom of the 2nd over - 0 runs, 1 hit, 0 errors, 1 left on base; Iowa 3 - Albuquerque 4 |
| TOP OF THE 3RD |
|
Iowa Cubs batting - Pitching for Albuquerque Isotopes : RHP Paulo Guincho
|
|
Batting: RHB Jon Aguilar
|
0-0: Ball 1-0: Ball 2-0: Ball 3-0: Base on Balls
|
|
Batting: SHB Gabriel Cruz
|
0-0: Called Strike 0-1: Called Strike 0-2: Foul Ball, location: 2F 0-2: Strikes out looking
|
|
Batting: RHB Adam O'Hare
|
0-0: Called Strike 0-1: Foul Ball, location: 2F 0-2: Ball 1-2: Strikes out swinging
|
|
Batting: RHB Brian Gargis
|
0-0: Ball 1-0: Ball Jon Aguilar steals 2nd base 2-0: Foul Ball, location: 2F 2-1: Foul Ball, location: 2F 2-2: Ground out 6-3 (Groundball, 6M, EV 89.4 MPH)
|
| Top of the 3rd over - 0 runs, 0 hits, 0 errors, 1 left on base; Iowa 3 - Albuquerque 4 |
| BOTTOM OF THE 3RD |
|
Albuquerque Isotopes batting - Pitching for Iowa Cubs : LHP Jesse Fields
|
|
Batting: RHB Chris King
|
0-0: Ball 1-0: Called Strike 1-1: Ball 2-1: Foul Ball, location: 2F 2-2: Ball 3-2: Foul Ball, location: 2F 3-2: Ground out 5-3 (Groundball, 5, EV 87.5 MPH)
|
|
Batting: LHB Gabe Harvey
|
0-0: Ball 1-0: Ball 2-0: Called Strike 2-1: Foul Ball, location: 2F 2-2: Foul Ball, location: 2F 2-2: Strikes out looking
|
|
Batting: RHB Logan Morgan
|
0-0: Ball 1-0: Ball 2-0: Ball 3-0: Called Strike 3-1: Base on Balls
|
|
Batting: LHB Adam Hill
|
0-0: Ball 1-0: Ball 2-0: Ball 3-0: Called Strike 3-1: Called Strike 3-2: DOUBLE (Line Drive, 78D, EV 109.4 MPH) Logan Morgan to third Logan Morgan scores
|
|
Pitching: RHP Michele Montella
|
|
|
Batting: RHB Vinny Estrada
|
0-0: Ball 1-0: Called Strike 1-1: Ball 2-1: Foul Ball, location: 2F 2-2: Foul Ball, location: 2F 2-2: Ball 3-2: Base on Balls
|
|
Batting: LHB Chad Persaud
|
0-0: Ball 1-0: Ball 2-0: Ground out 4-3 (Groundball, 4, EV 92.5 MPH)
|
| Bottom of the 3rd over - 1 run, 1 hit, 0 errors, 2 left on base; Iowa 3 - Albuquerque 5 |
| TOP OF THE 4TH |
|
Iowa Cubs batting - Pitching for Albuquerque Isotopes : RHP Paulo Guincho
|
|
Batting: RHB Ryan Walker
|
0-0: Called Strike 0-1: Ball 1-1: Foul Ball, location: 2F 1-2: Foul Ball, location: 2F 1-2: Ground out 5-3 (Groundball, 56S, EV 85.0 MPH)
|
|
Batting: RHB Pat Barton
|
0-0: Called Strike 0-1: Ground out 5-3 (Groundball, 56S, EV 91.2 MPH)
|
|
Batting: RHB Tony Mendez
|
0-0: Ball 1-0: Ball 2-0: Foul Ball, location: 2F 2-1: Swinging Strike 2-2: Ground out 5-3 (Groundball, 56S, EV 64.4 MPH)
|
| Top of the 4th over - 0 runs, 0 hits, 0 errors, 0 left on base; Iowa 3 - Albuquerque 5 |
| BOTTOM OF THE 4TH |
|
Albuquerque Isotopes batting - Pitching for Iowa Cubs : RHP Michele Montella
|
|
Batting: LHB Alfredo de la Cruz
|
0-0: Ball 1-0: Called Strike 1-1: Foul Ball, location: 2F 1-2: DOUBLE (Line Drive, 9LM, EV 104.4 MPH)
|
|
Batting: RHB Eddie McCoy
|
0-0: Foul Ball, location: 2F 0-1: Swinging Strike 0-2: Ball 1-2: Foul Ball, location: 2F 1-2: Ball 2-2: Foul Ball, location: 2F 2-2: Ball 3-2: Ground out 4-3 (Groundball, 4, EV 101.2 MPH) Alfredo de la Cruz to third
|
|
Batting: RHB Adrian Rudkilde
|
0-0: Ball 1-0: Called Strike 1-1: Swinging Strike 1-2: Ball 2-2: Ground out 6-3 (Groundball, 6, EV 87.5 MPH) Alfredo de la Cruz scores
|
|
Batting: RHB Chris King
|
0-0: Called Strike 0-1: Called Strike 0-2: Ball 1-2: Strikes out looking
|
| Bottom of the 4th over - 1 run, 1 hit, 0 errors, 0 left on base; Iowa 3 - Albuquerque 6 |
| TOP OF THE 5TH |
|
Iowa Cubs batting - Pitching for Albuquerque Isotopes : RHP Paulo Guincho
|
|
Batting: RHB Rich Thurman
|
0-0: Ball 1-0: SINGLE (Groundball, 34D, EV 105.0 MPH)
|
|
Batting: LHB Sumiki Okuhara
|
0-0: Called Strike 0-1: Fielders Choice at 2nd, 3-6 (Groundball, 3, EV 83.8 MPH)
|
|
Batting: RHB Jon Aguilar
|
0-0: Foul Ball, location: 2F 0-1: Ball 1-1: Swinging Strike 1-2: Strikes out looking
|
|
Batting: SHB Gabriel Cruz
|
0-0: Ball 1-0: Foul Ball, location: 2F 1-1: Called Strike Sumiki Okuhara steals 2nd base 1-2: Ball 2-2: Foul Ball, location: 2F 2-2: Strikes out swinging
|
| Top of the 5th over - 0 runs, 1 hit, 0 errors, 1 left on base; Iowa 3 - Albuquerque 6 |
| BOTTOM OF THE 5TH |
|
Albuquerque Isotopes batting - Pitching for Iowa Cubs : RHP Michele Montella
|
|
Batting: LHB Gabe Harvey
|
0-0: Called Strike 0-1: Ball 1-1: DOUBLE (Line Drive, 7LS, EV 107.5 MPH)
|
|
Batting: RHB Logan Morgan
|
0-0: Called Strike 0-1: Ball 1-1: SINGLE (Line Drive, 89S, EV 96.2 MPH) Gabe Harvey to third
|
|
Batting: LHB Adam Hill
|
0-0: Called Strike Pickoff Throw by Catcher to First - Out! 0-1: Fly out, F8 (Flyball, 8RM, EV 90.0 MPH)
|
|
Batting: RHB Vinny Estrada
|
0-0: Swinging Strike 0-1: Foul Ball, location: 2F 0-2: Ball 1-2: Ball 2-2: Ball 3-2: Strikes out looking
|
| Bottom of the 5th over - 0 runs, 2 hits, 0 errors, 1 left on base; Iowa 3 - Albuquerque 6 |
| TOP OF THE 6TH |
|
Iowa Cubs batting - Pitching for Albuquerque Isotopes : RHP Paulo Guincho
|
|
Batting: RHB Adam O'Hare
|
0-0: Ball 1-0: Swinging Strike 1-1: Ball 2-1: Ground out 5-3 (Groundball, 56, EV 102.5 MPH)
|
|
Batting: RHB Brian Gargis
|
0-0: Ball 1-0: Ball 2-0: Called Strike 2-1: SOLO HOME RUN (Flyball, 89XD, EV 115.0 MPH), Distance : 432 ft
|
|
Batting: RHB Ryan Walker
|
0-0: Ball 1-0: Foul Ball, location: 2F 1-1: Ball 2-1: Called Strike 2-2: Fly out, F9 (Flyball, 9, EV 79.4 MPH)
|
|
Batting: RHB Pat Barton
|
0-0: Ground out 4-3 (Groundball, 4MS, EV 78.8 MPH)
|
| Top of the 6th over - 1 run, 1 hit, 0 errors, 0 left on base; Iowa 4 - Albuquerque 6 |
| BOTTOM OF THE 6TH |
|
Albuquerque Isotopes batting - Pitching for Iowa Cubs : RHP Michele Montella
|
|
Batting: LHB Chad Persaud
|
0-0: Swinging Strike 0-1: Foul Ball, location: 2F 0-2: Ball 1-2: Strikes out swinging
|
|
Batting: LHB Alfredo de la Cruz
|
0-0: Called Strike 0-1: Fly out, F7 (Flyball, 7D, EV 101.2 MPH)
|
|
Batting: RHB Eddie McCoy
|
0-0: Swinging Strike 0-1: Swinging Strike 0-2: Foul Ball, location: 2F 0-2: Foul Ball, location: 2F 0-2: Ball 1-2: Foul Ball, location: 2F 1-2: Strikes out swinging
|
| Bottom of the 6th over - 0 runs, 0 hits, 0 errors, 0 left on base; Iowa 4 - Albuquerque 6 |
| TOP OF THE 7TH |
|
Iowa Cubs batting - Pitching for Albuquerque Isotopes : RHP Paulo Guincho
|
|
Pitching: RHP Tyler Smith
|
|
|
Batting: RHB Tony Mendez
|
0-0: Foul Ball, location: 2F 0-1: Swinging Strike 0-2: Ball 1-2: Foul Ball, location: 2F 1-2: Ball 2-2: Ball 3-2: Base on Balls
|
|
Batting: RHB Rich Thurman
|
0-0: Called Strike Tony Mendez is caught stealing 2nd base 2-4 0-1: Foul Ball, location: 2F 0-2: SINGLE (Line Drive, 7LM, EV 96.2 MPH)
|
|
Batting: LHB Sumiki Okuhara
|
0-0: Ball 1-0: Called Strike 1-1: SINGLE (Groundball, 4, EV 99.4 MPH) Rich Thurman to second Runner from 2nd tries for 3rd, SAFE, throw by CF made to third
|
|
Batting: RHB Jon Aguilar
|
0-0: Ball 1-0: Ball 2-0: Ball 3-0: Called Strike 3-1: Foul Ball, location: 2F 3-2: Base on Balls Sumiki Okuhara to second
|
|
Batting: SHB Gabriel Cruz
|
0-0: Ball 1-0: Swinging Strike 1-1: Called Strike 1-2: Ball 2-2: Ball 3-2: Foul Ball, location: 2F 3-2: Base on Balls Rich Thurman scores Sumiki Okuhara to third Jon Aguilar to second
|
|
Batting: RHB Adam O'Hare
|
0-0: Foul Ball, location: 2F 0-1: Called Strike 0-2: Ball 1-2: Ball 2-2: Foul Ball, location: 2F 2-2: Strikes out swinging
|
|
Batting: RHB Brian Gargis
|
0-0: Ground out 1-3 (Groundball, 34S, EV 70.6 MPH)
|
| Top of the 7th over - 1 run, 2 hits, 0 errors, 3 left on base; Iowa 5 - Albuquerque 6 |
| BOTTOM OF THE 7TH |
|
Albuquerque Isotopes batting - Pitching for Iowa Cubs : RHP Michele Montella
|
|
Pitching: RHP Harry Poindexter
|
|
|
Batting: RHB Adrian Rudkilde
|
0-0: Ball 1-0: Called Strike 1-1: Ball 2-1: Swinging Strike 2-2: Strikes out swinging
|
|
Batting: RHB Chris King
|
0-0: Ball 1-0: Swinging Strike 1-1: Ball 2-1: Foul Ball, location: 2F 2-2: Ball 3-2: Fly out, F7 (Flyball, 7LM, EV 80.0 MPH)
|
|
Batting: LHB Gabe Harvey
|
0-0: Swinging Strike 0-1: Swinging Strike 0-2: Strikes out swinging
|
| Bottom of the 7th over - 0 runs, 0 hits, 0 errors, 0 left on base; Iowa 5 - Albuquerque 6 |
| TOP OF THE 8TH |
|
Iowa Cubs batting - Pitching for Albuquerque Isotopes : RHP Tyler Smith
|
|
Pitching: RHP Zach Snodgrass
|
|
|
Batting: RHB Ryan Walker
|
0-0: Foul Ball, location: 2F 0-1: Called Strike 0-2: Foul Ball, location: 2F 0-2: Ball 1-2: Strikes out swinging
|
|
Batting: RHB Pat Barton
|
0-0: Ball 1-0: Ball 2-0: Foul Ball, location: 2F SINGLE, rundown, safe at 1st
|
|
Batting: RHB Tony Mendez
|
0-0: Ball 1-0: Swinging Strike 1-1: SINGLE (Groundball, 4MS, EV 63.8 MPH) (infield hit) Pat Barton to second
|
|
Batting: RHB Rich Thurman
|
0-0: Swinging Strike 0-1: Fly out, F4 (Line Drive, 4, EV 66.9 MPH)
|
|
Batting: LHB Sumiki Okuhara
|
0-0: Foul Ball, location: 2F 0-1: Ball 1-1: Foul Ball, location: 2F 1-2: Ball 2-2: Ground out 3-1 (Groundball, 34, EV 91.9 MPH)
|
| Top of the 8th over - 0 runs, 2 hits, 0 errors, 2 left on base; Iowa 5 - Albuquerque 6 |
| BOTTOM OF THE 8TH |
|
Albuquerque Isotopes batting - Pitching for Iowa Cubs : RHP Harry Poindexter
|
|
Pitching: LHP Jose Urena
|
|
|
Batting: RHB Logan Morgan
|
0-0: Reached on error, E6 (Groundball, 6, EV 96.9 MPH)
|
|
Batting: LHB Adam Hill
|
0-0: Called Strike 0-1: Ball 1-1: Ball 2-1: Ball 3-1: Ball
|
|
Batting: RHB Vinny Estrada
|
0-0: Bunt missed! 0-1: Sac Bunt to 5S - play at first, batter OUT! 5-4 Logan Morgan to third Adam Hill to second
|
|
Batting: LHB Chad Persaud
|
0-0: Called Strike 0-1: Ball 1-1: Ball 2-1: Fly out, F8 (Flyball, 8RD, EV 105.6 MPH) Runner from 3rd tags up, SCORES, throw by CF Adam Hill to third
|
|
Batting: LHB Alfredo de la Cruz
|
0-0: Ball 1-0: Called Strike 1-1: SINGLE (Line Drive, 56D, EV 97.5 MPH) Adam Hill scores
|
|
Batting: RHB Eddie McCoy
|
0-0: Swinging Strike 0-1: Ball 1-1: Foul Ball, location: 2F 1-2: Ball 2-2: Foul Ball, location: 2F 2-2: Ball 3-2: Foul Ball, location: 2F 3-2: Strikes out swinging
|
| Bottom of the 8th over - 2 runs, 1 hit, 1 error, 1 left on base; Iowa 5 - Albuquerque 8 |
| TOP OF THE 9TH |
|
Iowa Cubs batting - Pitching for Albuquerque Isotopes : RHP Zach Snodgrass
|
|
Pitching: RHP Humberto Gutierrez
|
|
|
Batting: RHB Jon Aguilar
|
0-0: Ball 1-0: Called Strike 1-1: Foul Ball, location: 2F 1-2: Ball 2-2: Ball 3-2: Base on Balls
|
|
Batting: SHB Gabriel Cruz
|
0-0: SINGLE (Groundball, 6D, EV 104.4 MPH) Jon Aguilar to second
|
|
Batting: RHB Adam O'Hare
|
0-0: Called Strike 0-1: Foul Ball, location: 2F 0-2: Ball 1-2: Ball 2-2: Foul Ball, location: 2F 2-2: Foul Ball, location: 2F 2-2: Ball 3-2: Foul Ball, location: 2F 3-2: Foul Ball, location: 2F 3-2: Fielders Choice at 2nd, 1-4 (Groundball, P, EV 66.2 MPH) Jon Aguilar to third
|
|
Batting: RHB Brian Gargis
|
0-0: Called Strike 0-1: Swinging Strike 0-2: Strikes out swinging
|
|
Batting: RHB Ryan Walker
|
0-0: Fielders Choice at 2nd, 6-4 (Groundball, 6, EV 101.9 MPH)
|
| Top of the 9th over - 0 runs, 1 hit, 0 errors, 2 left on base; Iowa 5 - Albuquerque 8 |
|